 Dungeon Crawl Stone Soup version 0.26-a0-812-g31a745ddcd (webtiles) character file.

Game seed: 13185209941405105002

510 Flubbersnuff the Slasher (level 6, -11/56 HPs)
             Began as a Minotaur Berserker on Dec 9, 2020.
             Was a Priest of Trog.
             Mangled by Pikel
             ... wielding a +0 whip of electrocution
              (19 damage)
             ... on level 4 of the Dungeon.
             The game lasted 00:16:20 (4347 turns).

Flubbersnuff the Slasher (Minotaur Berserker)       Turns: 4347, Time: 00:16:20

Health: -11/56     AC:  9    Str: 29 (30) XL:     6   Next: 98%
Magic:  5/5        EV:  9    Int:  2 (4)  God:    Trog [***...]
Gold:   180        SH:  5    Dex:  6 (9)  Spells: 5/5 levels left

rFire    x . .     SeeInvis .   a - +1 falchion
rCold    + . .     Faith    .   (no shield)
rNeg     . . .     Spirit   .   b - +0 chain mail
rPois    .         Reflect  +   (helmet restricted)
rElec    .         Harm     .   i - scarf {+Inv}
rCorr    .         Rampage  .   (no gloves)
MR       .....                  (no boots)
Stlth    ..........             l - amulet of reflection
HPRegen  0.18/turn              f - ring of ice
MPRegen  0.09/turn              q - +6 ring of strength

@: flying, hasted, very quick
A: retaliatory headbutt, horns 2
a: Berserk, Trog's Hand, Renounce Religion, Evoke Invisibility


You were on level 4 of the Dungeon.
You worshipped Trog.
Trog was most pleased with you.
You visited 1 branch of the dungeon, and saw 4 of its levels.

You collected 180 gold pieces.

Inventory:

Hand Weapons
 a - a +1 falchion (weapon)
Armour
 b - a +0 chain mail (worn)
 i - a scarf of invisibility (worn)
Jewellery
 f - a ring of ice (left hand)
 l - an amulet of reflection (around neck)
 o - an uncursed ring of positive energy
 q - a +6 ring of strength (right hand)
Wands
 u - a wand of enslavement (8)
Scrolls
 d - 3 scrolls of identify
 e - 4 scrolls of teleportation
 g - a scroll of remove curse
 k - 2 scrolls of blinking
 m - a scroll of amnesia
 p - a scroll of enchant weapon
Potions
 n - a potion of curing
 r - a potion of degeneration
 s - a potion of brilliance {unknown}
 t - a potion of heal wounds {unknown}
 v - a potion of mutation {unknown}


   Skills:
 + Level 5.3 Fighting
 * Level 6.7 Long Blades
 + Level 4.5 Armour
 + Level 4.1 Dodging


You had 5 spell levels left.
You didn't know any spells.
Your spell library was empty.

Dungeon Overview and Level Annotations

Branches:
Dungeon (4/15)             Temple (0/1) D:4

Altars:
Elyvilon
Hepliaklqana
Makhleb
Qazlal
Sif Muna
Trog
Xom
Zin
The Shining One

Annotations:
D:4 Pikel


Innate Abilities, Weirdness & Mutations

You reflexively headbutt those who attack you in melee.
You have a pair of horns on your head.


Message History

You feel less confused. Pikel hits you but does no damage.
You hit Pikel.
Pikel is heavily wounded.
You closely miss Pikel.
Pikel is heavily wounded.
Pikel hits you with a +0 whip of electrocution.
You are electrocuted!
* * * LOW HITPOINT WARNING * * *
You hit Pikel. You headbutt Pikel, but do no damage.
Pikel is severely wounded.
You block Pikel's attack.
You closely miss Pikel.
Pikel is severely wounded.
You closely miss Pikel. You headbutt Pikel, but do no damage.
Pikel is severely wounded.
Pikel hits you with a +0 whip of electrocution.
* * * LOW HITPOINT WARNING * * *
You are electrocuted!!
You die... # #...........^.... # ######...####.### ###### #...####+## .....# ###.#.....# .... .....######.# ....##......# .....#......# 555

#......# ....(#.###..#
#5###......# .....#.# #..#
#K##.......#
.....#.###..####@##.......####
..........).....>........[...
......................#.##.###
#.#..........................#
..#..###########.##..#..⌠..#..
.[...#......# #....##.....#
####.#.####.# #...##..#.#..#
.....#.#
##'####..##..##.##..##.
######.#
#.....#.....##...##....


You could see Pikel and 4 lemures.

Vanquished Creatures
  Blork the orc (D:4)
  A hound (D:3)
  Ijyb (D:3)
  Natasha (thrice) (D:4)
  3 worker ants (D:4)
  A hound skeleton (D:4)
  Robin (D:2)
  4 gnolls
  7 adders
  An ooze (D:4)
  An adder skeleton (D:4)
  A worm (D:1)
  4 dart slugs
  4 leopard geckos
  10 orcs
  9 bats
  2 giant cockroaches
  17 goblins
  10 hobgoblins
  6 kobolds
  3 quokkas
  3 frilled lizards
  A leopard gecko skeleton (D:2)
  8 rats
102 creatures vanquished.

Notes
Turn   | Place    | Note
-------+----------+-------------------------------------------
     0 | D:1      | Flubbersnuff the Minotaur Berserker began the quest for the
                  | Orb.
     0 | D:1      | Reached XP level 1. HP: 19/19 MP: 0/0
   205 | D:1      | Reached XP level 2. HP: 27/27 MP: 1/1
   228 | D:1      | Reached skill level 4 in Long Blades
   719 | D:1      | Reached XP level 3. HP: 33/33 MP: 2/2
   793 | D:1      | Reached ** piety under Trog
   989 | D:2      | Noticed Robin
  1672 | D:2      | Found a glowing silver altar of Zin.
  1841 | D:2      | Killed Robin
  1841 | D:2      | Reached XP level 4. HP: 40/40 MP: 3/3
  2226 | D:2      | Reached skill level 5 in Long Blades
  2290 | D:2      | Found a shimmering altar of Xom.
  2292 | D:2      | Found a stormy altar of Qazlal.
  2292 | D:2      | Found a glowing golden altar of the Shining One.
  2294 | D:2      | Found a hazy altar of Hepliaklqana.
  2294 | D:2      | Found a shimmering blue altar of Sif Muna.
  2294 | D:2      | Found a white marble altar of Elyvilon.
  2331 | D:2      | Found a stormy altar of Qazlal.
  2777 | D:3      | Found a bloodstained altar of Trog.
  2821 | D:3      | Reached XP level 5. HP: 42/47 MP: 4/4
  3033 | D:3      | Found a burning altar of Makhleb.
  3212 | D:3      | Noticed Ijyb
  3226 | D:3      | Killed Ijyb
  3570 | D:4      | Noticed Natasha
  3576 | D:4      | Killed Natasha
  3576 | D:4      | Reached XP level 6. HP: 55/55 MP: 5/5
  3600 | D:4      | Noticed Natasha
  3603 | D:4      | Reached skill level 6 in Long Blades
  3606 | D:4      | Killed Natasha
  3606 | D:4      | Reached *** piety under Trog
  3606 | D:4      | Reached skill level 5 in Fighting
  3696 | D:4      | Found a staircase to the Ecumenical Temple.
  3971 | D:4      | Noticed Natasha
  3973 | D:4      | Killed Natasha
  4052 | D:4      | Found a stormy altar of Qazlal.
  4090 | D:4      | Found a glowing drain.
  4300 | D:4      | Noticed Blork the orc
  4309 | D:4      | Killed Blork the orc
  4326 | D:4      | Noticed Pikel
  4347 | D:4      | Mangled by Pikel

Illustrated notes

Levels and vault maps discovered:
D:1:      erik_arrival_orb_chamber, layout_basic, minivault_5
D:2:      layout_rooms, lemuel_doored_altar, doesnt_xom_only_xom,
          grunt_qazlal_sundering, uniq_robin
D:3:      layout_basic, bloody_trog, makhleb_heckhound_becter,
          grunt_ministairs_9, uniq_ijyb
D:4:      layout_basic, old_standard_altar, minmay_temple_entry_waves,
          portal_sewer_entry_f, uniq_natasha, uniq_pikel, uniq_blork_the_orc

Skill      XL: |  1  2  3  4  5  6 |
---------------+-------------------+-----
Long Blades    | 4 5 6 |  6.7
Fighting       | 4 5 |  5.3
Armour         | 3 4 |  4.5
Dodging        | 3 4 |  4.1

Action                   |  1- 3 |  4- 6 || total
-------------------------+-------+-------++-------
Melee: Falchion          |    68 |   158 ||   226
       Headbutt          |    15 |    40 ||    55
  Use: Scroll            |       |     7 ||     7
       Potion            |       |     5 ||     5
Armor: Animal skin       |     9 |     1 ||    10
       Ring mail         |       |    13 ||    13
       Chain mail        |       |    48 ||    48
Dodge: Dodged            |    47 |    83 ||   130
Block: Other             |       |    12 ||    12
       Reflection        |       |     1 ||     1
       Rpst.: Falchion   |    11 |    18 ||    29

Table legend: (Time is in decaauts)
 A = Elapsed time spent in this place.
 B = Non-inter-level travel time spent in this place.
 C = Inter-level travel time spent in this place.
 D = Time resting spent in this place.
 E = Time spent auto-exploring this place.
 F = Levels seen in this place.
 G = Mean time per level.
                   A        B        C        D        E       F      G
               +--------+--------+--------+--------+--------+-----+--------+
         Total |   4361 |   4214 |    147 |   1769 |   1437 |   4 | 1090.2 |
       Dungeon |   4361 |   4214 |    147 |   1769 |   1437 |   4 | 1090.2 |
               +--------+--------+--------+--------+--------+-----+--------+

Top non-repeatable levels by time:
     D:1: 1625 daAuts
     D:2: 1132 daAuts
     D:4: 805 daAuts
     D:3: 798 daAuts
